 Dungeon Crawl Stone Soup version 0.29.0-4-gdea44cf6ec (webtiles) character file.

Game seed: 18101997831173023874

635 qw the Chopper (level 7, -5/40 HPs)
             Began as a Tengu Warper on Aug 28, 2022.
             Was a Follower of Okawaru.
             Slain by an ogre
             ... wielding a +0 giant club
              (6 damage)
             ... on level 5 of the Dungeon.
             The game lasted 00:00:29 (5368 turns).

qw the Chopper (Tengu Warper)                       Turns: 5368, Time: 00:00:30

Health: -5/40      AC: 16    Str: 13    XL:     7   Next: 50%
Magic:  10/11      EV:  5    Int: 13    God:    Okawaru [*.....]
Gold:   268        SH: 11    Dex: 14    Spells: 10/10 levels left

rFire   . . .      SeeInvis +   Y - +0 hand axe
rCold   . . .      Faith    .   f - +0 kite shield
rNeg    . . .      Spirit   .   g - +1 plate armour
rPois   .          Reflect  .   (helmet restricted)
rElec   .          Harm     .   (no cloak)
rCorr   .          Rampage  .   d - +1 Delatra's gloves {ID++}
Will    .....                   (boots unavailable)
Stlth   ..........              (no amulet)
HPRegen 0.13/turn               n - ring of see invisible
MPRegen 0.12/turn               (no ring)

@: about to teleport, heroic, flying quickly and evasively, quick
A: beak, talons 3, nimble flight
a: Renounce Religion, Heroism


You were on level 5 of the Dungeon.
You worshipped Okawaru.
Okawaru was aware of your devotion.
You visited 2 branches of the dungeon, and saw 6 of its levels.

You collected 268 gold pieces.


Innate Abilities, Weirdness & Mutations

You have a beak for a mouth.
You have claws for feet.
Your magical nature lets you fly swiftly and evasively.


   Skills:
 - Level 2.0(7.0) Fighting
 + Level 6.1(11.1) Axes
 - Level 1.0(6.0) Throwing
 - Level 3.0(8.0) Armour
 - Level 2.1(7.1) Dodging
 - Level 4.5(9.5) Shields
 - Level 2.0 Spellcasting
 - Level 2.4 Translocations
 + Level 1.5 Invocations


You had 10 spell levels left.
You didn't know any spells.
Your spell library contained the following spells:

 Spells                   Type           Power      Damage    Failure   Level
 Blink                    Tloc           14%        N/A       100%        2
 Gell's Gravitas          Tloc           7%         N/A       100%        3
 Lesser Beckoning         Tloc           7%         N/A       100%        3
 Teleport Other           Tloc           7%         N/A       100%        3
 Manifold Assault         Tloc           7%         N/A       100%        5

Inventory:

Hand Weapons
 e - a +0 flail
 Y - a +0 hand axe (weapon)
Armour
 d - the +1 Delatra's gloves (worn) {ID++}
   (You found it on level 4 of the Dungeon)

   It heals its wearer when they drink unknown potions.
   It restores its wearer's MP when they read unknown scrolls.
 f - a +0 kite shield (worn)
 g - a +1 plate armour (worn)
Jewellery
 b - a ring of wizardry
 n - a ring of see invisible (left hand)
Scrolls
 c - 5 scrolls of identify
 i - a scroll of poison {unknown}
 j - a scroll of summoning {unknown}
Potions
 h - a potion of heal wounds
 k - 2 potions of curing
 l - a potion of haste {unknown}

Dungeon Overview and Level Annotations

Branches:
Dungeon (5/15)             Temple (1/1) D:4

Altars:
Ashenzari
Cheibriados
Elyvilon
Fedhas
Gozag
Makhleb
Nemelex Xobeh
Okawaru
Qazlal
Ru
Sif Muna
Trog
Vehumet
Wu Jian
Xom
Yredelemnul
Zin
The Shining One

Shops:
D:4 (


Message History

The dart slug launches a dart at you. You block the slug dart.
You hit the dart slug. You claw the dart slug. You peck the dart slug.
The dart slug is almost dead.
The dart slug bites you but does no damage.
You hit the dart slug.
You kill the dart slug!
Okawaru accepts your kill.
You start waiting.
Done waiting.
An ogre comes into view. It is wielding a +0 giant club.
The ogre shouts!
Enter note:
5358 ||| INVOKING Heroism.
You gain the combat prowess of a mighty hero.
You hit the ogre. You claw the ogre.
The ogre is moderately wounded.
You hit the ogre but do no damage. Your kick misses the ogre.
The ogre is moderately wounded.
The ogre hits you but does no damage.
You hit the ogre.
The ogre is heavily wounded.
The ogre hits you but does no damage.
You hit the ogre.
The ogre is severely wounded.
You hit the ogre.
The ogre is severely wounded.
The ogre hits you with a +0 giant club!!
You hit the ogre. You claw the ogre, but do no damage.
Your peck misses the ogre.
The ogre is severely wounded.
You hit the ogre.
The ogre is almost dead.
The ogre hits you with a +0 giant club!!
Ouch! That really hurt!
5368 ||| READING scroll of teleportation.
As you read the scroll of teleportation, it crumbles to dust.
You feel strangely unstable. The ogre hits you with a +0 giant club.
You die...

###. ..... #######.....
#........... #...........
#...@O....# #....#....#
### #....# .### ... #....#
# ...# #....#..#..... ....
#....#...............
#....#..#.#.#........
##.#............#....
#######.#.#..#.#.....#<...


You could see an ogre.

Vanquished Creatures
  Menkaure (D:5)
  An ogre (D:5)
  A phantom (D:4)
  A scorpion (D:5)
  A jelly (D:5)
  2 hounds
  An orc wizard (D:4)
  6 adders
  5 dart slugs
  11 orcs
  5 ball pythons
  8 endoplasms
  4 giant cockroaches
  12 goblins
  4 hobgoblins
  12 kobolds
  2 quokkas (D:1)
  3 training dummies (D:4)
  12 bats
  5 frilled lizards
  9 rats
106 creatures vanquished.

Notes
Turn   | Place    | Note
-------+----------+-------------------------------------------
     0 | D:1      | qw the Tengu Warper began the quest for the Orb.
     0 | D:1      | Reached XP level 1. HP: 12/12 MP: 4/4
     0 | D:1      | 0 ||| qw: Version: 0.1-a-89-g26bdef1
     0 | D:1      | 0 ||| qw: Game counter: 2685
     0 | D:1      | 0 ||| qw: Always use a shield: true
     0 | D:1      | 0 ||| qw: God list: Okawaru
     0 | D:1      | 0 ||| qw: Allow faded altars: false
     0 | D:1      | 0 ||| qw: Do Orc after D:15 true
     0 | D:1      | 0 ||| qw: Do second Lair branch before Depths: true
     0 | D:1      | 0 ||| qw: Lair rune preference: random
     0 | D:1      | 0 ||| qw: Plans: Normal
     0 | D:1      | 0 ||| PLANNING D:1-11
   277 | D:1      | Reached XP level 2. HP: 17/17 MP: 6/6
   291 | D:1      | Reached skill level 3 in Axes
   431 | D:1      | 431 ||| Stepping ~*~*~tactically~*~*~ (hiding).
   811 | D:1      | 811 ||| Stepping ~*~*~tactically~*~*~ (hiding).
   913 | D:1      | 913 ||| Stepping ~*~*~tactically~*~*~ (hiding).
  1091 | D:1      | Reached XP level 3. HP: 21/21 MP: 7/7
  1132 | D:1      | Found a faded altar of an unknown god.
  1167 | D:1      | 1167 ||| Stepping ~*~*~tactically~*~*~ (stealth).
  1202 | D:1      | Reached skill level 4 in Axes
  1736 | D:1      | 1736 ||| UPGRADING to +0 chain mail.
  1746 | D:1      | 1746 ||| DROPPING +0 leather armour.
  1747 | D:1      | 1747 ||| UPGRADING to ring of see invisible.
  1748 | D:1      | 1748 ||| READING scroll labelled CEFIUM QIDOR.
  1749 | D:1      | 1749 ||| READING scroll labelled YPPAEXT ODEME.
  1750 | D:1      | 1750 ||| READING scroll labelled TAFAISTU LANYM.
  1755 | D:1      | 1755 ||| READING scroll labelled BEUQIU RELAPO.
  1756 | D:1      | 1756 ||| READING scroll labelled TUTSAR ONEY.
  1757 | D:1      | 1757 ||| DROPPING scroll of blinking.
  1857 | D:2      | 1857 ||| Stepping ~*~*~tactically~*~*~ (stealth).
  2117 | D:2      | Reached XP level 4. HP: 26/26 MP: 8/8
  2136 | D:2      | 2136 ||| DROPPING +0 whip.
  2505 | D:2      | 2505 ||| READING scroll labelled MEOLUI GYANASA.
  2506 | D:2      | 2506 ||| READING scroll labelled NAPEBR ZAJEIPHYUQU.
  2507 | D:2      | 2507 ||| DRINKING 2 murky clear potions.
  2537 | D:2      | 2537 ||| DRINKING 2 sapphire potions.
  2538 | D:2      | 2538 ||| DROPPING potion of lignification.
  2610 | D:3      | 2610 ||| FLEEEEING.
  2611 | D:3      | 2611 ||| FLEEEEING.
  2612 | D:3      | 2612 ||| STAIRDANCE
  2761 | D:3      | 2761 ||| Stepping ~*~*~tactically~*~*~ (stealth).
  2763 | D:3      | Reached skill level 5 in Axes
  3073 | D:3      | Gained mutation: Your magical nature lets you fly swiftly
                  | and evasively. [Tengu growth]
  3073 | D:3      | Reached XP level 5. HP: 30/30 MP: 9/9
  3073 | D:3      | 3073 ||| UPGRADING to +0 plate armour.
  3083 | D:3      | 3083 ||| DROPPING +0 chain mail.
  3084 | D:3      | 3084 ||| READING scroll of enchant armour.
  3084 | D:3      | 3084 ||| ENCHANTING +0 plate armour.
  3095 | D:4      | 3095 ||| Stepping ~*~*~tactically~*~*~ (hiding).
  3096 | D:4      | 3096 ||| Stepping ~*~*~tactically~*~*~ (hiding).
  3406 | D:4      | Found a staircase to the Ecumenical Temple.
  3407 | D:4      | 3407 ||| PLANNING TEMPLE
  3407 | D:4      | 3407 ||| UPGRADING to +0 kite shield.
  3412 | D:4      | 3412 ||| DRINKING 2 golden potions.
  3413 | D:4      | 3413 ||| READING 5 scrolls of identify.
  3413 | D:4      | 3413 ||| IDENTIFYING murky ruby potion
  3414 | D:4      | 3414 ||| READING 4 scrolls of identify.
  3414 | D:4      | 3414 ||| IDENTIFYING yellow potion
  3415 | D:4      | 3415 ||| DROPPING potion of attraction.
  3416 | D:4      | 3416 ||| DROPPING potion of magic.
  3441 | D:4      | 3441 ||| Stepping ~*~*~tactically~*~*~ (stealth).
  3473 | Temple   | Entered the Ecumenical Temple
  3547 | Temple   | Became a worshipper of Warmaster Okawaru
  3658 | Temple   | 3658 ||| PLANNING D:1-11
  3683 | D:4      | Noticed a fire elemental
  3685 | D:4      | Found a stormy altar of Qazlal.
  3687 | D:4      | Noticed a water elemental
  3687 | D:4      | Noticed an air elemental
  3692 | D:4      | Found the +1 Delatra's gloves {ID++}
  3719 | D:4      | Found Sietwish's Firing Range.
  3742 | D:4      | Reached skill level 1 in Shields
  3962 | D:4      | 3962 ||| Stepping ~*~*~tactically~*~*~ (hiding).
  3963 | D:4      | 3963 ||| Stepping ~*~*~tactically~*~*~ (hiding).
  4112 | D:4      | Found a shimmering blue altar of Sif Muna.
  4127 | D:4      | Noticed a phantom
  4145 | D:4      | Killed a phantom
  4146 | D:4      | Reached skill level 3 in Shields
  4146 | D:4      | Reached XP level 6. HP: 28/35 MP: 10/10
  4457 | D:4      | 4457 ||| UPGRADING to +1 Delatra's gloves {ID++}.
  4462 | D:4      | 4462 ||| READING scroll labelled PUANAQ XUAXUIF.
  4501 | D:5      | Entered Level 5 of the Dungeon
  4536 | D:5      | 4536 ||| DROPPING +0 mace of draining.
  4591 | D:5      | Reached * piety under Okawaru
  4592 | D:5      | Reached skill level 6 in Axes
  4669 | D:5      | Noticed Menkaure
  4670 | D:5      | 4670 ||| Stepping ~*~*~tactically~*~*~ (stealth).
  4674 | D:5      | 4674 ||| INVOKING Heroism.
  4685 | D:5      | 4685 ||| INVOKING Heroism.
  4686 | D:5      | Killed Menkaure
  4687 | D:5      | Reached XP level 7. HP: 13/40 MP: 7/11
  4759 | D:5      | 4759 ||| FLEEEEING.
  4946 | D:5      | 4946 ||| Stepping ~*~*~tactically~*~*~ (stealth).
  4949 | D:5      | 4949 ||| Stepping ~*~*~tactically~*~*~ (stealth).
  4951 | D:5      | 4951 ||| INVOKING Heroism.
  4958 | D:5      | 4958 ||| Stepping ~*~*~tactically~*~*~ (stealth).
  4971 | D:5      | 4971 ||| INVOKING Heroism.
  4979 | D:5      | Reached skill level 1 in Invocations
  5040 | D:5      | 5040 ||| INVOKING Heroism.
  5048 | D:5      | Reached skill level 3 in Armour
  5225 | D:5      | 5225 ||| Stepping ~*~*~tactically~*~*~ (hiding).
  5358 | D:5      | 5358 ||| INVOKING Heroism.
  5367 | D:5      | HP: 1/40 [ogre/+0 giant club (20)]
  5368 | D:5      | 5368 ||| READING scroll of teleportation.
  5368 | D:5      | Slain by an ogre

Levels and vault maps discovered:
D:1:      sevenhm_arrival_forest_fort_large_3, layout_basic,
          shapermc_ecumenical_altar_mp_ritualfount, minmay_tromino_mix6
D:2:      minmay_wonky_spiral, layout_rooms, kennysheep_generic_room_13
D:3:      layout_rooms
D:4:      layout_loops_ring, nicolae_qazlal_style_of_elements,
          nicolae_sif_muna_little_library, minmay_temple_entry_large_hall,
          roderic_batcave, fountainhead, nicolae_shop_firing_range
D:5:      nicolae_BIG_FREAKIN_CUBE, layout_basic, mainiacjoe_overflow_boulevard,
          serial_shops, shop, minmay_ogre_servants, uniq_menkaure
Temple:   nicolae_temple_slightly_damp_pantheon

Skill      XL: |  1  2  3  4  5  6  7 |
---------------+----------------------+-----
Axes           | 3 4 5 6 |  6.1
Armour         | 2 3 |  3.0
Shields        | 3 4 |  4.5
Invocations    | 1 |  1.5
Fighting       | |  2.0
Throwing       | |  1.0
Dodging        | |  2.1
Spellcasting   | |  2.0
Translocations | |  2.4

Action                   |  1- 3 |  4- 6 |  7- 9 || total
-------------------------+-------+-------+-------++-------
Melee: Hand axe          |    93 |   144 |    37 ||   274
       Kick              |    18 |    41 |    12 ||    71
       Peck              |     4 |    24 |     6 ||    34
Throw: Boomerang         |     7 |       |     2 ||     9
       Javelin           |       |     5 |       ||     5
Invok: Heroism           |       |     2 |     4 ||     6
  Use: Scroll            |     5 |     6 |     1 ||    12
       Potion            |       |     3 |       ||     3
 Stab: Distracted        |       |       |     1 ||     1
Armor: Leather armour    |     7 |       |       ||     7
       Chain mail        |    35 |    21 |       ||    56
       Plate armour      |       |    48 |     5 ||    53
Dodge: Dodged            |    33 |    22 |     3 ||    58
Block: Kite shield       |       |    27 |     8 ||    35

Table legend:
 A = Non-vault XP
 B = Vault XP
 C = Vault XP percentage of total XP
 D = Non-vault monster count
 E = Vault monster count
 F = Vault count percentage of total count
                 A         B        C        D         E       F
            +---------+---------+-------+---------+---------+-------
      Total |     559 |     349 |  38.4 |      80 |      26 |  24.5
            +---------+---------+-------+---------+---------+-------
        D:1 |      44 |       6 |  12.0 |      25 |       4 |  13.8
        D:2 |      49 |       6 |  10.9 |      17 |       3 |  15.0
        D:3 |      61 |       0 |   0.0 |      14 |       0 |   0.0
        D:4 |     227 |      16 |   6.6 |      16 |      10 |  38.5
        D:5 |     178 |     321 |  64.3 |       8 |       9 |  52.9
            +---------+---------+-------+---------+---------+-------
